 Dungeon Crawl Stone Soup version 0.22-a0-469-gf26638a (webtiles) character file.

1374 4thArraOfDagon the Geomancer (level 8, -14/62 HPs)
             Began as a Deep Dwarf Earth Elementalist on June 13, 2018.
             Was a Follower of Makhleb.
             Killed from afar by pk666's ghost (41 damage)
             ... with a fireball
             ... on level 8 of the Dungeon.
             The game lasted 00:10:31 (1736 turns).

4thArraOfDagon the Geomancer (DDEE)                 Turns: 1736, Time: 00:10:32

Health: -14/62     AC:  8    Str: 12    XL:     8   Next: 39%
Magic:  8/13       EV: 11    Int: 18    God:    Makhleb [*.....]
Gold:   136        SH:  0    Dex: 13    Spells: 6/15 levels left

rFire    . . .     SeeInvis .   f - +0 hand axe
rCold    . . .     Gourm    .   (no shield)
rNeg     . . .     Faith    .   p - +0 ring mail (curse)
rPois    .         Spirit   .   (helmet restricted)
rElec    .         Reflect  .   (no cloak)
rCorr    .         Harm     .   w - +1 pair of gloves
MR       +....     Rnd*Tele +   t - +0 pair of boots
Stlth    +.........             g - amulet of magic regeneration
HPRegen  0.00/turn              (no ring)
MPRegen  0.38/turn              (no ring)

@: non-regenerating
A: damage resistance, heal wounds, horns 1, sense surroundings 1, teleportitis
1, no regeneration
a: Heal Wounds, Renounce Religion


You were on level 8 of the Dungeon.
You worshipped Makhleb.
Makhleb was aware of your devotion.
You were not hungry.

You visited 2 branches of the dungeon, and saw 9 of its levels.

You collected 136 gold pieces.

Inventory:

Hand Weapons
 f - a +0 hand axe (weapon)
Missiles
 A - 15 stones (quivered)
Armour
 c - a +0 robe
 n - a +0 pair of gloves
 p - a cursed +0 ring mail (worn)
 t - a +0 pair of boots (worn)
 w - a +1 pair of gloves (worn)
Jewellery
 g - an amulet of magic regeneration (around neck)
Wands
 l - a wand of polymorph (14)
 u - a wand of digging (20)
 y - a wand of paralysis (13)
 D - a wand of iceblast (11)
Scrolls
 e - 9 scrolls of remove curse {unknown}
 h - 6 scrolls of teleportation {unknown}
 j - 2 scrolls of amnesia {unknown}
 m - a scroll of acquirement {unknown}
 v - 7 scrolls of identify {unknown}
 z - a scroll of fog {unknown}
Potions
 a - a potion of haste {unknown}
 i - 2 potions of mutation
 k - a potion of degeneration {unknown}
 o - a potion of invisibility {unknown}
 q - a potion of lignification {unknown}
 r - a potion of curing {unknown}
 s - a potion of berserk rage {unknown}
 x - a potion of agility {unknown}
 B - a potion of heal wounds {unknown}
 C - a potion of brilliance {unknown}
Comestibles
 d - 7 rations


   Skills:
 * Level 6.8 Axes
 - Level 2.1 Dodging
 - Level 2.4 Stealth
 + Level 4.2 Spellcasting
   Level 0.8 Transmutations
 * Level 9.5 Earth Magic


You had 6 spell levels left.
You knew the following spells:

 Your Spells              Type           Power        Failure   Level  Hunger
a - Sandblast             Erth           #####.       1%          1    None
b - Stone Arrow           Conj/Erth      ###...       14%         3    ###....
c - Lee's Rapid Deconstr  Erth           #####.....   19%         5    ######.

Your spell library contained the following spells:

 Spells                   Type           Power        Failure   Level  Hunger
 Passwall                 Tmut/Erth      ###.....     6%          2    ##.....
 Petrify                  Tmut/Erth      ###.....     36%         4    ####...


Dungeon Overview and Level Annotations

Branches:
Dungeon (8/15)             Temple (1/1) D:5
   Lair: D:8-11

Altars:
Ashenzari
Cheibriados
Dithmenos
Elyvilon
Fedhas
Gozag
Hepliaklqana
Kikubaaqudgha
Makhleb
Nemelex Xobeh
Okawaru
Qazlal
Ru
Sif Muna
Uskayaw
Vehumet
Wu Jian
Xom
Yredelemnul
Zin
The Shining One

Annotations:
D:3 Grinder
D:4 Edmund, Pikel
D:8 Joseph; pk666's ghost, novice DEFE


Innate Abilities, Weirdness & Mutations

You are resistant to damage.
You can heal yourself by infusing magical energy.
You passively map a small area around you.
You do not regenerate.
You have a pair of small horns on your head.
You are occasionally teleported next to monsters.


Message History

Press: ? - help, Shift-Dir - straight line, f/p - pk666's ghost
Aim: pk666's ghost The stone arrow hits pk666's ghost.
Pk666's ghost is lightly damaged.
Unknown command.
It was a potion of mutation.
You feel extremely strange.
You feel stupid.
You feel weirdly uncertain. A pair of horns grows on your head!
You feel clever.
Okay, then.
Casting: Stone Arrow (safe; 14% risk of failure)
Confirm with . or Enter, or press ? or * to list all spells.
Aiming: Stone Arrow (safe; 14% risk of failure)
Press: ? - help, Shift-Dir - straight line, f/p - pk666's ghost
Aim: pk666's ghost (lightly damaged)
The stone arrow hits pk666's ghost.
Pk666's ghost is moderately damaged.
Pk666's ghost points at you and mumbles some strange words.
The fireball explodes!
The fireball engulfs you!
Ouch! That really hurt!
You die...

* , ,, * * , , ### , , ... , , * ,
,*#.# , , , .... #.# , #..[##@#
#....... * #...##.# #......#* , ,
#..W##W######......### ,
,#...##............... .
.####...##..####.......###.
,........../................
...........................
..!.....###+###............
........#โ‰ˆโ‰ˆ.โ‰ˆยง#............


You could see pk666's ghost.

Vanquished Creatures
  Eustachio (D:4)
  A water moccasin (D:8)
  2 ice beasts
  2 ogres
  A centaur (D:6)
  2 bullfrogs (D:7)
  4 wights (D:6)
  2 crimson imps
  A centaur skeleton (D:7)
  A quasit (D:7)
  A bullfrog skeleton (D:4)
  A hound (D:6)
  An iguana (D:7)
  2 killer bee zombies
  2 hound skeletons (D:6)
  A worker ant zombie (D:5)
  4 gnolls
  5 adders
  A shadow imp (D:6)
  A worm (D:4)
  3 leopard geckos
  5 orcs
  A ball python (D:4)
  A giant cockroach (D:3)
  4 quokkas
  A giant cockroach zombie (D:2)
  A leopard gecko zombie (D:7)
  A rat (D:3)
53 creatures vanquished.

Notes
Turn   | Place    | Note
-------+----------+-------------------------------------------
     0 | D:1      | 4thArraOfDagon the Deep Dwarf Earth Elementalist began the quest for the Orb.
     0 | D:1      | Reached XP level 1. HP: 15/15 MP: 3/3
    68 | D:2      | Reached XP level 2. HP: 22/22 MP: 1/5
   164 | D:3      | Noticed Grinder
   165 | D:3      | Found a shattered altar of Ashenzari.
   207 | D:5      | Entered Level 5 of the Dungeon
   207 | D:5      | Found a staircase to the Ecumenical Temple.
   213 | Temple   | Entered the Ecumenical Temple
   303 | Temple   | Became a worshipper of Makhleb the Destroyer
   414 | D:4      | Reached skill level 1 in Axes
   414 | D:4      | Reached skill level 5 in Earth Magic
   414 | D:4      | Reached XP level 3. HP: 21/28 MP: 2/6
   416 | D:4      | Noticed Edmund
   438 | D:4      | Noticed a slave
   439 | D:4      | Noticed a slave
   439 | D:4      | Noticed a slave
   439 | D:4      | Noticed Pikel
   440 | D:4      | Noticed a slave
   452 | D:4      | You fall through a shaft!
   465 | D:5      | Learned a level 3 spell: Stone Arrow
   497 | D:4      | Reached XP level 4. HP: 7/36 MP: 5/7
   569 | D:4      | Noticed Eustachio
   586 | D:4      | Killed Eustachio
   586 | D:4      | Reached skill level 6 in Earth Magic
   586 | D:4      | Reached XP level 5. HP: 8/42 MP: 3/9
   807 | D:5      | Noticed an ogre
   812 | D:5      | Killed an ogre
   812 | D:5      | Reached XP level 6. HP: 37/49 MP: 3/9
   819 | D:5      | Learned a level 5 spell: Lee's Rapid Deconstruction
   838 | D:5      | Found a stormy altar of Qazlal.
   878 | D:6      | Noticed an ice beast
   882 | D:6      | Killed an ice beast
   882 | D:6      | Reached skill level 7 in Earth Magic
   910 | D:6      | Reached XP level 7. HP: 36/55 MP: 7/10
   924 | D:6      | Found a white marble altar of Elyvilon.
   943 | D:6      | Reached * piety under Makhleb
   955 | D:6      | Reached skill level 5 in Axes
  1035 | D:6      | Reached skill level 8 in Earth Magic
  1354 | D:7      | Reached XP level 8. HP: 25/62 MP: 8/12
  1414 | D:7      | Reached skill level 9 in Earth Magic
  1446 | D:8      | Noticed Joseph
  1643 | D:7      | Found a basalt altar of Yredelemnul.
  1701 | D:8      | Found an opulent altar of Gozag.
  1725 | D:8      | Noticed pk666's ghost (novice DEFE)
  1735 | D:8      | Gained mutation: You are dopey. (Int -2) [potion of mutation]
  1735 | D:8      | Gained mutation: You are occasionally teleported next to monsters. [potion of mutation]
  1735 | D:8      | Gained mutation: You have a pair of small horns on your head. [potion of mutation]
  1735 | D:8      | Lost mutation: You are dopey. (Int -2) [potion of mutation]
  1736 | D:8      | Killed from afar by pk666's ghost

Vault maps used:
D:1:      roderic_chinese_lattice_arrival
D:2:      serial_undead, serial_undead_f, serial_undead_e, serial_undead_b,
          serial_undead_f
D:3:      nicolae_ashenzari_panopticon, uniq_natasha, uniq_terence, uniq_grinder
D:4:      nicolae_dithmenos_the_darkroom, uniq_edmund, uniq_pikel,
          uniq_eustachio
D:5:      minmay_temple_entry_metal_lava, first_ration, grunt_qazlal_sundering
D:6:      elyvilon_altar_3
D:7:      yredelemnul_altar_generic
D:8:      kennysheep_little_box, uniq_psyche, uniq_maurice, uniq_joseph
Temple:   minmay_crystal_spiral_temple

Skill      XL: |  1  2  3  4  5  6  7  8 |
---------------+-------------------------+-----
Spellcasting   | 2 3 4 |  4.2
Axes           | 1 2 3 4 6 |  6.8
Earth Magic    | 5 6 7 8 9 |  9.5
Dodging        | |  2.1
Stealth        | |  2.4
Transmutations | |  0.8

Action                   |  1- 3 |  4- 6 |  7- 9 || total
-------------------------+-------+-------+-------++-------
Melee: Hand axe          |    15 |    23 |    58 ||    96
 Cast: Sandblast         |    11 |    26 |    33 ||    70
       Stone Arrow       |       |     1 |    24 ||    25
       Lee's Rapid Decon |       |       |     1 ||     1
 Abil: Heal Wounds       |       |     2 |       ||     2
Evoke: Wand              |       |       |     2 ||     2
  Use: Potion            |       |       |     1 ||     1
 Stab: Sleeping          |     1 |       |       ||     1
       Paralysed         |       |       |     7 ||     7
  Eat: Chunk             |       |     1 |     5 ||     6
Armor: Robe              |     5 |     1 |       ||     6
       Ring mail         |       |    13 |    24 ||    37
Dodge: Dodged            |    20 |    21 |    39 ||    80

Table legend:
 A = Spawn XP
 B = Non-spawn XP
 C = Spawn XP percentage of total XP
 D = Spawn monster count
 E = Non-spawn monster count
 F = Spawn count percentage of total count
 G = Total turns spent on level
                    A         B        C        D         E        F      G
               +---------+---------+-------+---------+---------+-------+---------
         Total |       0 |    1963 |   0.0 |       0 |      53 |   0.0 |  1736
               +---------+---------+-------+---------+---------+-------+---------
           D:2 |       0 |      14 |   0.0 |       0 |       2 |   0.0 |    89
           D:3 |       0 |       5 |   0.0 |       0 |       3 |   0.0 |    64
           D:4 |       0 |     272 |   0.0 |       0 |      10 |   0.0 |   186
           D:5 |       0 |     197 |   0.0 |       0 |       6 |   0.0 |   302
           D:6 |       0 |     781 |   0.0 |       0 |      17 |   0.0 |   414
           D:7 |       0 |     442 |   0.0 |       0 |      10 |   0.0 |   374
           D:8 |       0 |     252 |   0.0 |       0 |       5 |   0.0 |    89
               +---------+---------+-------+---------+---------+-------+---------
